 Dungeon Crawl Stone Soup version 0.18-a0-1203-gbde16db (webtiles) character file.

934 M4edhros the Blocker (level 8, -2/48 HPs)
             Began as an Octopode Artificer on Jan 31, 2016.
             Slain by st0uf's ghost (13 damage)
             ... on level 5 of the Dungeon.
             The game lasted 00:06:13 (2719 turns).

M4edhros the Blocker (Octopode Artificer)           Turns: 2719, Time: 00:06:13

Health: -2/48      AC:  1    Str: 11    XL:     8   Next: 11%
Magic:  10/10      EV: 11    Int: 16    God:    Xom [.*....]
Gold:   137        SH:  0    Dex: 12    Spells: 0 memorised, 7 levels left

rFire  . . .     SeeInvis .     a - +0 short sword
rCold  . . .     Gourm    .     l - +0 shield
rNeg   . . .     Faith    .     (helmet restricted)
rPois  .         Spirit   .     (no amulet)
rElec  .         Dismiss  .     (no ring)
rCorr  .         Reflect  .     (no ring)
SustAt .         Harm     .     (no ring)
MR     .....                    (no ring)
Stlth  ++........               (no ring)
                                (no ring)
                                (no ring)
                                (no ring)

@: confused, not resistant to hostile enchantments, unstealthy
A: almost no armour, amphibious, 8 rings, constrict 8, camouflage 1, gelatinous
body 1
a: Renounce Religion


You were on level 5 of the Dungeon.
You worshipped Xom.
You were a plaything of Xom.
You were not hungry.

You visited 1 branch of the dungeon, and saw 5 of its levels.

You collected 137 gold pieces.

Inventory:

Hand Weapons
 a - a +0 short sword (weapon)
 i - a +0 hunting sling
Missiles
 g - 87 stones (quivered)
 k - 39 sling bullets
Armour
 l - a +0 shield (worn)
Magical Staves
 r - an uncursed staff of conjuration
Jewellery
 o - a +6 ring of dexterity {unknown}
Wands
 b - a wand of flame (8/48)
 c - a wand of enslavement (0/24)
 d - a wand of random effects (11/48)
Scrolls
 e - a scroll of recharging
 j - 2 scrolls of remove curse {unknown}
 m - a scroll of immolation {unknown}
 q - a scroll of identify {unknown}
Comestibles
 f - 3 bread rations
 n - 4 fruits
 p - a chunk of flesh
 t - 2 meat rations
 u - a slice of pizza


   Skills:
 - Level 1.0 Fighting
 - Level 1.0 Short Blades
 - Level 2.6 Dodging
 - Level 2.3 Stealth
 + Level 8.6 Shields
 - Level 3.4 Evocations


You had 7 spell levels left.
You didn't know any spells.

Dungeon Overview and Level Annotations

Branches:
Dungeon (5/15)
 Temple: D:4-7

Altars:
Kikubaaqudgha
Pakellas
Ru
Xom

Annotations:
D:5 st0uf's ghost, novice NaFi


Innate Abilities, Weirdness & Mutations

You cannot wear most types of armour.
You are amphibious.
You can wear up to eight rings at the same time.
You can use your tentacles to constrict eight enemies at once.
Your skin changes colour to match your surroundings (Stealth).
Your rubbery body absorbs attacks (AC +1).


Message History

This wand has 12 charges left.
St0uf's ghost stares at you. You block st0uf's ghost's attack.
St0uf's ghost closely misses you.
Evoke which item? (* to show all) (? for menu, Esc to quit)
Zapping:
d - a wand of random effects (12/48)
Press: ? - help, Shift-Dir - straight line, f/p - st0uf's ghost
Aim: st0uf's ghost (lightly damaged, fast)
The fireball explodes!
The fireball engulfs st0uf's ghost.
St0uf's ghost is moderately damaged.
The fireball engulfs you!
* * * LOW HITPOINT WARNING * * *
This wand has 11 charges left.
St0uf's ghost ripples.
You block st0uf's ghost's attack.
You block st0uf's ghost's attack. "Heh heh heh..."
You are confused.
St0uf's ghost hits you!
You die...
Xom is highly amused!

'.....#.(...######.....#....
#.....#.(...#....'.....#....
...#.....#.....#....#.....'....
...#.....#..)..#....#.....#....
####'#.....###)####'###.....#####
.............)).................#
................)...............#
................................#
................@W..............#
........>....)..................#
#'###........#'###......#+##+#...
#...'........#...#......# ...
#...#........#...#......# ...
#...#........#...#......# ..
#...#........#...#......# ..
#...#........#..<#......#
##..#........##..#......#


You could see st0uf's ghost.

Vanquished Creatures
  Menkaure (D:4)
  The ghost of M4edhros the Sneak, an amateur OpAr (D:4)
  Duvessa (D:4)
  A centaur (D:5)
  An ogre (D:5)
  Dowan (D:4)
  A crimson imp (D:5)
  2 orc priests (D:5)
  An iguana (D:5)
  3 orc wizards
  3 worker ants (D:4)
  An ooze (D:1)
  An adder zombie (D:5)
  A worm (D:2)
  10 orcs
  A ball python (D:4)
  A bat (D:1)
  3 giant cockroaches
  2 goblins (D:1)
  3 hobgoblins
  2 jackals (D:1)
  2 kobolds
  3 quokkas (D:4)
  5 giant newts
  A jackal skeleton (D:4)
52 creatures vanquished.

Vanquished Creatures (collateral kills)
  An orc wizard (D:5)
  3 orcs (D:5)
4 creatures vanquished.

Vanquished Creatures (others)
  A centaur (D:5)
  A scorpion (D:4)
  2 orc wizards (D:5)
  An orc (D:5)
5 creatures vanquished.

Grand Total: 61 creatures vanquished

Notes
Turn   | Place    | Note
--------------------------------------------------------------
     0 | D:1      | M4edhros the Octopode Artificer began the quest for the Orb.
     0 | D:1      | Reached XP level 1. HP: 13/13 MP: 3/3
   188 | D:1      | Reached XP level 2. HP: 16/18 MP: 4/4
   230 | D:1      | Found a shimmering altar of Xom.
   275 | D:1      | Became a worshipper of Xom of Chaos
   479 | D:2      | XOM: potion effect (might)
   569 | D:2      | XOM: divination: magic mapping
   623 | D:2      | Reached XP level 3. HP: 12/23 MP: 5/5
   628 | D:2      | Reached skill level 1 in Shields
   763 | D:3      | You fall through a shaft!
   793 | D:4      | Found an oddly glowing altar of Pakellas.
   847 | D:4      | Noticed M4edhros's ghost (amateur OpAr)
   853 | D:4      | XOM: cast spell 'Call Canine Familiar'
   896 | D:4      | XOM: potion effect (berserk rage)
   902 | D:4      | XOM: harmless Pois miscast
   903 | D:4      | Killed M4edhros's ghost
   903 | D:4      | Reached XP level 4. HP: 12/28 MP: 6/6
   903 | D:4      | Reached XP level 5. HP: 14/33 MP: 7/7
   905 | D:4      | Reached skill level 4 in Shields
  1327 | D:4      | Noticed Menkaure
  1331 | D:4      | XOM: butterfly on damage
  1341 | D:4      | Killed Menkaure
  1341 | D:4      | Reached skill level 5 in Shields
  1341 | D:4      | Reached XP level 6. HP: 18/38 MP: 8/8
  1443 | D:4      | XOM: mild Hex miscast
  1461 | D:4      | Found an ancient bone altar of Kikubaaqudgha.
  1502 | D:4      | XOM: mild Tloc miscast
  1619 | D:4      | Found a sacrificial altar of Ru.
  1641 | D:4      | Reached skill level 6 in Shields
  1711 | D:4      | Noticed Dowan
  1712 | D:4      | Noticed Duvessa
  1718 | D:4      | XOM: noise
  1818 | D:4      | XOM: confusion (+ monsters)
  1834 | D:4      | XOM: noise
  1853 | D:4      | Killed Duvessa
  1853 | D:4      | Reached XP level 7. HP: 25/43 MP: 9/9
  1858 | D:4      | Killed Dowan
  1960 | D:4      | XOM: harmless Hex miscast
  2043 | D:5      | Entered Level 5 of the Dungeon
  2110 | D:5      | XOM: butterfly on damage
  2114 | D:5      | Reached skill level 7 in Shields
  2262 | D:5      | Noticed st0uf's ghost (novice NaFi)
  2307 | D:4      | XOM: noise
  2559 | D:5      | Reached skill level 8 in Shields
  2610 | D:5      | Reached XP level 8. HP: 11/48 MP: 10/10
  2691 | D:5      | XOM: destruction
  2719 | D:5      | XOM: confusion
  2719 | D:5      | Slain by st0uf's ghost

Vault maps used:
D:1:      lightli_arrival_boilingwater, xom_teletrap_fun
D:2:      overflow_temple_1_default
D:3:      wad_pebble_path, st_stairs_4
D:4:      nicolae_overflow_hidden_temple, kiku_gazebo_pond_becter,
          nicolae_ru_awakened_eye, grunt_decor_arrowhead, uniq_duvessa,
          uniq_menkaure
D:5:      yredelemnul_altar_generic, old_standard_altar, first_bread,
          uniq_grinder

Action                   |  1- 3 |  4- 6 |  7- 9 || total
-------------------------+-------+-------+-------++-------
Melee: Short sword       |    56 |    53 |    41 ||   150
Evoke: Wand              |     1 |    16 |    31 ||    48
  Use: Potion            |     1 |     4 |       ||     5
       Scroll            |       |       |     2 ||     2
 Stab: Sleeping          |     2 |     3 |       ||     5
       Confused          |       |     2 |     1 ||     3
  Eat: Chunk             |       |     3 |     4 ||     7
